[Event "Titled Tuesday Blitz November 08 Early 2022"]
[White "Pajeken, Jakob Leon"]
[Black "Ivic, Velimir"]
[WhiteFideId "12942839"]
[BlackFideId "950122"]
[WhiteElo "2429"]
[BlackElo "2625"]
[Result "1/2-1/2"]
[Round "01"]
[TimeControl "180+1"]
[Date "2022.11.09"]
[WhiteClock "0:00:16"]
[BlackClock "0:00:40"]

1. d4 Nf6 2. Nf3 g6 3. g3 Bg7 4. Bg2 O-O 5. O-O d6 6. c4 c6 7. Qc2 Bf5 8. Qb3 Qc7 9. Nc3 Ne4 10. Nh4 Nxc3 11. Qxc3 Bg4 12. h3 Bc8 13. e4 c5 14. Nf3 cxd4 15. Nxd4 Nc6 16. Be3 Be6 17. Rac1 Nxd4 18. Bxd4 Bxd4 19. Qxd4 Rfc8 20. Rc3 Rab8 21. Rfc1 Qc5 22. Qd2 a6 23. a3 a5 24. Kh2 a4 25. f4 f6 26. Qd1 Qa5 27. f5 Bf7 28. fxg6 hxg6 29. Qg4 Kg7 30. Qd7 Rc7 31. Qb5 Rc5 32. Qd7 Rc7 33. Qb5 Ra8 34. Bf1 Be8 35. Qb4 Qc5 36. Bg2 Ra5 37. Rd3 Bf7 38. Rdc3 Be6 39. Bf3 Qe5 40. R1c2 Bd7 41. Bg2 Rac5 42. Qb6 Bc6 43. Qxc7 Bxe4 44. Qd7 Bf5 45. Qe8 Rc8 46. Qxa4 Bxc2 47. Qxc2 Rc7 48. b4 f5 49. c5 d5 50. Qd3 e6 51. b5 f4 52. gxf4 Qf6 53. Rc2 Rf7 54. Qe3 g5 55. Qe5 gxf4 56. Qxf6+ Kxf6 57. a4 Ke5 58. a5 f3 59. Bf1 Kf4 60. c6 bxc6 61. bxc6 Rc7 62. a6 e5 63. a7 Rxa7 64. c7 Ra8 65. c8=Q Rxc8 66. Rxc8 e4 67. Rf8+ Ke3 68. Kg3 d4 69. Bb5 d3 70. Bc6 d2 71. Rd8 f2 72. Bb5 f1=Q 73. Bxf1 d1=Q 74. Rxd1 1/2-1/2


[Site "https://www.chess.com"]

[Event "Titled Tuesday Blitz November 08 Early 2022"]
[White "Pakleza, Zbigniew"]
[Black "Szente Varga, Fruzsina"]
[WhiteFideId "1119290"]
[BlackFideId "712264"]
[WhiteElo "2411"]
[BlackElo "1994"]
[Result "1-0"]
[Round "01"]
[TimeControl "180+1"]
[Date "2022.11.09"]
[WhiteClock "0:00:31"]
[BlackClock "0:00:10"]

1. d4 Nf6 2. Nf3 g6 3. Bf4 Bg7 4. e3 O-O 5. Be2 d5 6. O-O c5 7. c3 Nc6 8. Nbd2 c4 9. b3 b5 10. a4 Ba6 11. axb5 Bxb5 12. bxc4 Bxc4 13. Nxc4 dxc4 14. Bxc4 Rc8 15. Ba6 Ne4 16. Bxc8 Qxc8 17. Qd3 f5 18. Rfc1 Rd8 19. Qa6 Qd7 20. h3 h6 21. Qc4+ Kh7 22. Ra6 Rc8 23. Qa4 g5 24. Bh2 g4 25. hxg4 fxg4 26. Nd2 Ng5 27. c4 Kh8 28. d5 Ne5 29. Bxe5 Qxa4 30. Bxg7+ Kxg7 31. Rxa4 1-0


[Site "https://www.chess.com"]

[Event "Titled Tuesday Blitz November 08 Early 2022"]
[White "Papp, Levente"]
[Black "Goh, Zi Han"]
[WhiteFideId "751243"]
[BlackFideId "5819156"]
[WhiteElo "2380"]
[BlackElo "2026"]
[Result "1-0"]
[Round "01"]
[TimeControl "180+1"]
[Date "2022.11.09"]
[WhiteClock "0:00:04"]
[BlackClock "0:00:30"]

1. d4 Nf6 2. Nc3 d5 3. Bg5 e6 4. e4 dxe4 5. Nxe4 Be7 6. Nxf6+ Bxf6 7. Bxf6 Qxf6 8. Nf3 O-O 9. Bd3 b6 10. O-O Bb7 11. Ne5 Rd8 12. Qh5 g6 13. Qg4 Nc6 14. Nxc6 Bxc6 15. c3 Bb7 16. Rad1 Rac8 17. Be4 Bxe4 18. Qxe4 Qe7 19. d5 Rd6 20. dxe6 Rxe6 21. Qb7 Rd8 22. Rxd8+ Qxd8 23. Qxa7 Re2 24. b3 Qd2 25. Qxc7 Re1 26. g3 Rxf1+ 27. Kxf1 Qxa2 28. Qxb6 Qa1+ 29. Kg2 Qxc3 30. Qe3 Qc6+ 31. Qf3 Qb5 32. h4 h5 33. Qc3 Qd5+ 34. f3 Qd1 35. Qe3 Qc2+ 36. Kh3 Kh7 37. b4 Qb1 38. Qd2 Qh1+ 39. Qh2 Qxf3 40. Qg2 Qg4+ 41. Kh2 Qxb4 42. Qd5 Qb2+ 43. Kh3 Qf6 44. Kh2 Kg7 45. Qg2 Qf5 46. Qe2 Qg4 47. Qg2 Qf4 48. gxf4 Kf6 49. Kg3 Kf5 50. Qd5+ Kf6 51. Qe5# 1-0


[Site "https://www.chess.com"]

[Event "Titled Tuesday Blitz November 08 Early 2022"]
[White "Paravyan, David"]
[Black "Padmini, Rout"]
[WhiteFideId "4194985"]
[BlackFideId "5029295"]
[WhiteElo "2546"]
[BlackElo "2296"]
[Result "1-0"]
[Round "01"]
[TimeControl "180+1"]
[Date "2022.11.08"]
[WhiteClock "0:00:11"]
[BlackClock "0:00:13"]

1. e4 c5 2. Nf3 d6 3. d4 cxd4 4. Nxd4 Nf6 5. Nc3 Nc6 6. Bg5 e6 7. Qd2 a6 8. O-O-O Bd7 9. Kb1 h6 10. Nxc6 Bxc6 11. Bf4 e5 12. Bg3 Nxe4 13. Nxe4 Bxe4 14. f4 Rc8 15. Bd3 Bxd3 16. Qxd3 Be7 17. fxe5 dxe5 18. Qf5 Qc7 19. Bxe5 Qc6 20. Bxg7 Rg8 21. Qh7 Qxc2+ 22. Qxc2 Rxc2 23. Kxc2 Rxg7 24. g3 Rg6 25. Rhe1 Rc6+ 26. Kb1 b5 27. Re2 Kf8 28. a3 Bf6 29. Rf1 Kg7 30. Ref2 Kg6 31. Rf4 h5 32. R1f2 Re6 33. Ka2 Rd6 34. a4 bxa4 35. Rxa4 Re6 36. b4 Be7 37. Kb3 f6 38. Kc4 Re4+ 39. Kd5 Rxb4 40. Rxb4 Bxb4 41. Ke6 Bc3 42. Rc2 Bd4 43. Ra2 Bg1 44. h3 Bd4 45. Rxa6 Be5 46. Ra3 Kg5 47. Rf3 Bb8 48. Rb3 Be5 49. Rd3 h4 50. g4 Bb2 51. Rf3 Be5 52. Rf5+ Kg6 53. Rxe5 fxe5 54. Kxe5 1-0


[Site "https://www.chess.com"]

[Event "Titled Tuesday Blitz November 08 Early 2022"]
[White "Parpiev, Isaak"]
[Black "Dahlgren, James Allen"]
[WhiteFideId "34281576"]
[BlackFideId "22256873"]
[WhiteElo "2094"]
[BlackElo "2185"]
[Result "1-0"]
[Round "01"]
[TimeControl "180+1"]
[Date "2022.11.09"]
[WhiteClock "0:00:06"]
[BlackClock "0:00:52"]

1. d4 e6 2. c4 c5 3. e3 d5 4. Nc3 Nf6 5. Nf3 Nc6 6. cxd5 exd5 7. dxc5 Bxc5 8. Be2 O-O 9. O-O Be6 10. b3 h6 11. Bb2 a6 12. Rc1 Qe7 13. h3 Rfd8 14. Na4 Ba7 15. Nd4 Rac8 16. Nxc6 Rxc6 17. Rxc6 bxc6 18. Bxa6 Ne4 19. Bd3 Qg5 20. Kh2 Bxe3 21. fxe3 Qg3+ 22. Kh1 Nf2+ 23. Rxf2 Qxf2 24. Qe2 Qg3 25. Nc5 Bc8 26. Bd4 Re8 27. Qf3 Qxf3 28. gxf3 Bxh3 29. a4 Rb8 30. a5 Bc8 31. a6 Ra8 32. Kg2 f6 33. Kg3 Kf7 34. e4 dxe4 35. fxe4 g5 36. e5 fxe5 37. Bxe5 Ke7 38. Bc7 h5 39. Bb6 h4+ 40. Kg2 Kd6 41. a7 g4 42. Na6 Be6 43. b4 Bd5+ 44. Kg1 Re8 45. Bc5+ Kd7 46. Nb8+ Kc7 47. a8=Q Re1+ 48. Bf1 Bc4 49. Qa7+ Kd8 50. Qd7# 1-0


[Site "https://www.chess.com"]

[Event "Titled Tuesday Blitz November 08 Early 2022"]
[White "Paszewski, Mateusz"]
[Black "Zaksaite, Salomeja"]
[WhiteFideId "1141058"]
[BlackFideId "12801496"]
[WhiteElo "2263"]
[BlackElo "2079"]
[Result "1-0"]
[Round "01"]
[TimeControl "180+1"]
[Date "2022.11.09"]
[WhiteClock "0:01:52"]
[BlackClock "0:00:01"]

1. Nf3 Nf6 2. g3 g6 3. b3 Bg7 4. Bb2 d6 5. d4 O-O 6. Bg2 Nbd7 7. O-O e5 8. dxe5 Ng4 9. Qd2 Ngxe5 10. Nxe5 Nxe5 11. c4 c6 12. Nc3 Qc7 13. Rfd1 Rd8 14. Rac1 Be6 15. h3 h5 16. Nd5 Qd7 17. Nf4 Bf5 18. Ba3 Bf8 19. Qa5 b6 20. Qa4 Qc7 21. Bb2 Bg7 22. Rd2 Rac8 23. Rcd1 Bh6 24. e3 Rd7 25. e4 Be6 26. Nxe6 fxe6 27. f4 Nf7 28. Qb4 Bg7 29. Bxg7 Kxg7 30. Qc3+ e5 31. fxe5 Nxe5 32. Qxe5+ dxe5 33. Rxd7+ Qxd7 34. Rxd7+ Kf6 35. Kf2 1-0


[Site "https://www.chess.com"]

[Event "Titled Tuesday Blitz November 08 Early 2022"]
[White "Perez Gormaz, Matias"]
[Black "Prem, Pranav"]
[WhiteFideId "3406342"]
[BlackFideId "30901057"]
[WhiteElo "2341"]
[BlackElo "1970"]
[Result "1-0"]
[Round "01"]
[TimeControl "180+1"]
[Date "2022.11.09"]
[WhiteClock "0:00:12"]
[BlackClock "0:00:13"]

1. e4 c5 2. Nf3 d6 3. Bb5+ Nd7 4. c4 Nf6 5. Nc3 g6 6. O-O Bg7 7. d3 O-O 8. h3 Re8 9. Be3 a6 10. Ba4 Rb8 11. Qd2 e6 12. Nh2 Qc7 13. Bh6 b5 14. Bxg7 Kxg7 15. cxb5 d5 16. bxa6 Bxa6 17. Bxd7 Qxd7 18. e5 Ng8 19. Rfe1 Qb7 20. b3 h5 21. Na4 Qa7 22. Rac1 Rec8 23. Nf3 c4 24. bxc4 dxc4 25. d4 Bb7 26. Nc5 Bxf3 27. gxf3 Qa3 28. Rxc4 Qxf3 29. Qe3 Qf5 30. a3 Ne7 31. Rcc1 Nd5 32. Qe4 Qxh3 33. Qg2 Qxg2+ 34. Kxg2 Ra8 35. Ra1 Rcb8 36. a4 Rb2 37. Reb1 Rd2 38. Rb7 Kg8 39. a5 Rxd4 40. a6 Rc4 41. Nd7 Rcc8 42. Kg3 Nc3 43. Nb6 Rd8 44. Nxa8 Rxa8 45. a7 Kg7 46. Rb8 Rxa7 47. Rxa7 Ne4+ 48. Kg2 Nc5 49. Rbb7 Nxb7 50. Rxb7 Kh6 51. Rxf7 Kg5 52. Kg3 Kh6 53. f4 g5 54. Rf6+ Kg7 55. fxg5 Kg8 56. Kh4 Kg7 57. Kxh5 Kh7 58. g6+ Kg7 59. Kg5 Kg8 60. Kh6 Kh8 61. Rf8# 1-0


[Site "https://www.chess.com"]

[Event "Titled Tuesday Blitz November 08 Early 2022"]
[White "Piesik, Piotr"]
[Black "Koridze, Lile"]
[WhiteFideId "1136194"]
[BlackFideId "13612514"]
[WhiteElo "2316"]
[BlackElo "2050"]
[Result "1-0"]
[Round "01"]
[TimeControl "180+1"]
[Date "2022.11.09"]
[WhiteClock "0:00:09"]
[BlackClock "0:00:05"]

1. Nf3 Nf6 2. g3 d5 3. Bg2 c5 4. O-O Nc6 5. d4 e6 6. c4 cxd4 7. Nxd4 Nxd4 8. Qxd4 dxc4 9. Qxc4 a6 10. Nc3 Be7 11. Rd1 Qa5 12. Bf4 O-O 13. Bc7 Qh5 14. Bf3 Qg6 15. a4 Nd7 16. Ne4 h5 17. a5 h4 18. Ra4 hxg3 19. hxg3 Nf6 20. Qd3 Nd5 21. Bd6 Bd7 22. Rd4 Bb5 23. Qd2 Bxd6 24. Nxd6 Bc6 25. Nc4 Rac8 26. Ne5 Qf6 27. Nxc6 bxc6 28. Rc1 Rfd8 29. Kg2 c5 30. Rd3 Nb4 31. Rxd8+ Rxd8 32. Qc3 Qxc3 33. bxc3 Nd5 34. e3 Rb8 35. Be2 Rb3 36. Bxa6 Rxc3 37. Rxc3 Nxc3 38. Bc4 Na4 39. Bb3 Nc3 40. a6 Nb5 41. Ba4 Na7 42. Kf3 Kf8 43. Ke4 Ke7 44. Kd3 Kd6 45. Kc4 f6 46. f4 f5 47. Bb3 Kc6 48. Ba4+ Kb6 49. Bd7 Kxa6 50. Kxc5 Ka5 51. Kd6 Kb4 52. Kxe6 Kc3 53. Kxf5 Kd3 54. e4 Ke3 55. e5 Kf3 56. e6 1-0


[Site "https://www.chess.com"]

[Event "Titled Tuesday Blitz November 08 Early 2022"]
[White "Pinero Rodriguez, Carlos Jose"]
[Black "Tarigan, Gilbert Elroy"]
[WhiteFideId "3901726"]
[BlackFideId "7108133"]
[WhiteElo "2146"]
[BlackElo "2284"]
[Result "0-1"]
[Round "01"]
[TimeControl "180+1"]
[Date "2022.11.09"]
[WhiteClock "0:00:20"]
[BlackClock "0:00:08"]

1. e4 Nc6 2. Nf3 d5 3. exd5 Qxd5 4. Nc3 Qh5 5. Be2 Bg4 6. d3 O-O-O 7. h3 Nf6 8. Be3 e5 9. Nd2 Bxe2 10. Qxe2 Qxe2+ 11. Nxe2 Nb4 12. Kd1 Nfd5 13. a3 Nxe3+ 14. fxe3 Nd5 15. Nf1 Bc5 16. e4 Nf4 17. Nxf4 exf4 18. Ke2 Rhe8 19. Kf3 f5 20. exf5 Rd5 21. Rd1 Rxf5 22. d4 Bd6 23. c3 Rb5 24. b4 Rg5 25. h4 Rg6 26. Rh3 b5 27. Kf2 Rge6 28. Rd2 Re1 29. Ra2 Kd7 30. Rd3 Rc1 31. a4 a6 32. axb5 axb5 33. Re2 Be7 34. Rh3 Ra8 35. Nd2 Raa1 36. Kf3 Rxc3+ 37. Ke4 Rxh3 38. gxh3 Ra2 39. Kd3 Bxb4 40. Nf3 Rxe2 41. Kxe2 Bd6 42. Kd3 Kc6 43. Ke4 b4 44. Nd2 Kb5 45. Kd3 Ka4 46. Kc2 h5 47. Ne4 f3 48. Kd3 b3 49. Ke3 b2 50. Kxf3 Kb3 51. Nd2+ Kc2 52. Ke2 Bb4 53. Nc4 b1=Q 54. Ne3+ Kc3 55. d5 Qd3+ 56. Kf3 Bc5 57. Kf4 Qxe3+ 58. Kf5 Qd3+ 59. Kg5 Qxd5+ 60. Kg6 Bd4 61. Kh7 c5 62. Kh8 Kd3 63. Kh7 c4 64. Kg6 c3 65. Kh7 c2 66. Kh8 Ke4 67. Kh7 c1=Q 68. Kg6 Qcc6+ 69. Kh7 Qf5+ 70. Kh8 Qe8# 0-1


[Site "https://www.chess.com"]

[Event "Titled Tuesday Blitz November 08 Early 2022"]
[White "Pinheiro, Iung Alicio de O."]
[Black "Sailer, Mike"]
[WhiteFideId "2104350"]
[BlackFideId "2012901"]
[WhiteElo "2283"]
[BlackElo "2109"]
[Result "1-0"]
[Round "01"]
[TimeControl "180+1"]
[Date "2022.11.09"]
[WhiteClock "0:00:41"]
[BlackClock "0:01:17"]

1. e4 d5 2. exd5 Qxd5 3. Nc3 Qd6 4. d4 Nf6 5. Nf3 c6 6. Ne5 Nbd7 7. f4 g6 8. g4 Bg7 9. g5 Ng8 10. Bc4 Nxe5 11. fxe5 Qb4 12. Bb3 Bf5 13. Be3 e6 14. a3 Qa5 15. Qf3 Ne7 16. O-O-O O-O-O 17. h4 h5 18. gxh6 Bxh6 19. Bxh6 Rxh6 20. h5 gxh5 21. Rxh5 Rxh5 22. Qxh5 Bg6 23. Qg5 Qb6 24. Qxe7 Rxd4 25. Bxe6+ fxe6 26. Qxe6+ Kc7 27. Qxg6 Rxd1+ 28. Nxd1 Qd4 29. Qd6+ Qxd6 30. exd6+ Kxd6 31. Kd2 1-0


[Site "https://www.chess.com"]

[Event "Titled Tuesday Blitz November 08 Early 2022"]
[White "Potapova, Margarita"]
[Black "Ibarra Jerez, Jose Carlos"]
[WhiteFideId "14126869"]
[BlackFideId "2226332"]
[WhiteElo "2272"]
[BlackElo "2638"]
[Result "0-1"]
[Round "01"]
[TimeControl "180+1"]
[Date "2022.11.08"]
[WhiteClock "0:00:15"]
[BlackClock "0:00:16"]

1. d4 Nf6 2. Bf4 d5 3. e3 c5 4. dxc5 e6 5. b4 a5 6. c3 Nc6 7. Bb5 Bd7 8. Qb3 axb4 9. cxb4 Ne4 10. Nf3 Qf6 11. Bxc6 Qxa1 12. Bxd7+ Kxd7 13. O-O Qxa2 14. Qd3 Ke7 15. Nd4 Qc4 16. Qd1 Qxb4 17. c6 f6 18. f3 Nd6 19. Nc2 Qb6 20. cxb7 Nxb7 21. Nc3 Qc5 22. Qd3 Kf7 23. Rb1 Nd6 24. Kh1 Be7 25. e4 Rhc8 26. Rb3 dxe4 27. fxe4 Qc4 28. Qxc4 Rxc4 29. h4 Rac8 30. Bd2 Nxe4 31. Nxe4 Rxe4 32. Ne3 Rxh4+ 33. Kg1 Rd4 34. Kf1 Rxd2 0-1


[Site "https://www.chess.com"]

[Event "Titled Tuesday Blitz November 08 Early 2022"]
[White "Pranav, V"]
[Black "Jaskolka, Tomasz"]
[WhiteFideId "25060783"]
[BlackFideId "1170791"]
[WhiteElo "2430"]
[BlackElo "2126"]
[Result "1-0"]
[Round "01"]
[TimeControl "180+1"]
[Date "2022.11.08"]
[WhiteClock "0:02:19"]
[BlackClock "0:00:19"]

1. e4 c5 2. Nf3 e6 3. d4 cxd4 4. Nxd4 Nc6 5. Nc3 Qc7 6. Be2 Nf6 7. O-O Be7 8. Be3 a6 9. f4 d6 10. g4 h6 11. Bf3 e5 12. Nf5 Bxf5 13. exf5 O-O-O 14. Nd5 Nxd5 15. Bxd5 Bf6 16. c3 Kb8 17. Qb3 Rd7 18. Bb6 Qc8 19. Rae1 Rf8 20. Re4 exf4 21. Rc4 Be5 22. Bf2 Rc7 23. Qb6 Ka8 24. Rxc6 bxc6 25. Bxc6+ Rxc6 26. Qa7# 1-0


[Site "https://www.chess.com"]

[Event "Titled Tuesday Blitz November 08 Early 2022"]
[White "Prohorov, Olexandr"]
[Black "Krysa, Leandro"]
[WhiteFideId "14105578"]
[BlackFideId "116807"]
[WhiteElo "1993"]
[BlackElo "2485"]
[Result "0-1"]
[Round "01"]
[TimeControl "180+1"]
[Date "2022.11.09"]
[WhiteClock "0:00:18"]
[BlackClock "0:01:18"]

1. Nf3 g6 2. d4 Bg7 3. c4 d6 4. Nc3 e5 5. dxe5 dxe5 6. Qxd8+ Kxd8 7. Bg5+ f6 8. O-O-O+ Nd7 9. Be3 c6 10. g4 Kc7 11. g5 f5 12. h4 h5 13. gxh6 Bxh6 14. Bxh6 Nxh6 15. e4 Ng4 16. Rd2 Nc5 17. Ng5 Bd7 18. b4 Ne6 19. Nf7 Rh7 20. Nd6 Nd4 21. c5 Rah8 22. f4 Rxh4 23. Rxh4 Rxh4 24. fxe5 Nf3 25. Rd3 Nfxe5 26. Rd1 f4 27. b5 Ne3 28. Re1 Rh1 0-1


[Site "https://www.chess.com"]

[Event "Titled Tuesday Blitz November 08 Early 2022"]
[White "Prraneeth Vuppala"]
[Black "Starosta, Martyna"]
[WhiteFideId "46622373"]
[BlackFideId "21818754"]
[WhiteElo "2351"]
[BlackElo "1825"]
[Result "0-1"]
[Round "01"]
[TimeControl "180+1"]
[Date "2022.11.09"]
[WhiteClock "0:00:11"]
[BlackClock "0:00:06"]

1. c4 e6 2. Nf3 Nf6 3. e3 b6 4. b3 Bb7 5. Bb2 Be7 6. Be2 O-O 7. O-O d5 8. d3 Nbd7 9. Nbd2 c5 10. Rc1 Rc8 11. Qc2 h6 12. Qb1 Qc7 13. Qa1 Qb8 14. Rc2 Rfd8 15. Rfc1 Nf8 16. Be5 Qa8 17. cxd5 Bxd5 18. Bf1 Ng6 19. Bb2 Bb7 20. Ne5 Nxe5 21. Bxe5 Ne8 22. h3 Bf6 23. Nc4 Bd5 24. a4 Qb7 25. a5 Be7 26. a6 Qd7 27. d4 f6 28. Bg3 cxd4 29. Qxd4 Bc5 30. Qb2 Bb4 31. Na3 Rxc2 32. Nxc2 Bf8 33. Nd4 Rc8 34. Bb5 Qd8 35. Nc6 Bxc6 36. Bxc6 Nc7 37. Bb7 e5 38. Bxc8 Qxc8 39. Qc2 Bd6 40. Qc6 Qd8 41. Rd1 Ne8 42. Qb7 Qc7 43. e4 Kf8 44. Kh2 Ke7 45. f3 Kd7 46. Qd5 Ke7 47. Bf2 Qc2 48. Rd2 Qc7 49. Be3 h5 50. Qb7 Kd7 51. Rc2 Qxb7 52. axb7 Bc7 53. Rd2+ Nd6 54. Ra2 Nb5 55. Ra4 Kc6 56. Rb4 a5 57. Rc4+ Kxb7 58. g4 hxg4 59. hxg4 Bd6 60. Kh3 Nc7 61. Kh4 b5 62. Rc2 a4 63. bxa4 bxa4 64. Kh5 a3 65. Kg6 Ne6 66. Kf7 Nd4 67. Bxd4 exd4 68. Rd2 Bc5 69. Kxg7 Kc6 70. Kxf6 Kb5 71. Kf5 Kc4 72. g5 Kc3 73. Rg2 d3 74. g6 Bf8 75. g7 Bxg7 76. Rxg7 d2 77. Rc7+ Kb2 78. Rd7 Kc2 79. e5 a2 80. e6 a1=Q 81. e7 Qa5+ 82. Ke6 Qa6+ 83. Kf7 Qc4+ 84. Kf8 Qf4+ 85. Kg7 Qg3+ 86. Kf6 Qxf3+ 87. Ke6 Qe4+ 88. Kf6 d1=Q 89. Rxd1 Kxd1 90. Kf7 Qf5+ 91. Kg8 Qe6+ 92. Kf8 Qf6+ 93. Ke8 Kd2 94. Kd7 Qd4+ 95. Ke6 Qe4+ 96. Kf6 Kd3 97. Kf7 Qf5+ 0-1


[Site "https://www.chess.com"]

[Event "Titled Tuesday Blitz November 08 Early 2022"]
[White "Rasulov, Vugar"]
[Black "Kukula, Pawel"]
[WhiteFideId "13402390"]
[BlackFideId "1115081"]
[WhiteElo "2509"]
[BlackElo "2046"]
[Result "0-1"]
[Round "01"]
[TimeControl "180+1"]
[Date "2022.11.09"]
[WhiteClock "0:00:40"]
[BlackClock "0:00:04"]

1. e4 c5 2. Nf3 Nc6 3. Bb5 e5 4. O-O Bd6 5. Nc3 a6 6. Bc4 Nf6 7. d3 O-O 8. Bg5 h6 9. Bh4 b5 10. Bb3 Be7 11. Bxf6 Bxf6 12. Nd5 d6 13. c3 Be6 14. Re1 Re8 15. Nd2 Bg5 16. Nf1 Ne7 17. Nxe7+ Qxe7 18. Ng3 g6 19. a4 h5 20. Nf1 Bh6 21. Ne3 Bxe3 22. Rxe3 Reb8 23. axb5 axb5 24. Bxe6 Qxe6 25. h3 Ra2 26. d4 Rba8 27. Rxa2 Qxa2 28. dxe5 dxe5 29. Qe2 Qb1+ 30. Kh2 c4 31. h4 Rd8 32. Kg3 Qc1 33. Qf3 Qxb2 34. Qf6 Re8 35. Rf3 Rf8 36. Qxe5 b4 37. Qc5 bxc3 38. Qxc4 Qb8+ 39. Rf4 Qc8 40. Qf1 c2 41. Qc1 Rd8 42. Rf3 Rd1 43. Qf4 c1=Q 44. Qxf7+ Kh8 45. Qf6+ Kh7 46. Qe7+ Kh6 47. Rf7 Qg4+ 48. Kh2 Rh1# 0-1


[Site "https://www.chess.com"]

[Event "Titled Tuesday Blitz November 08 Early 2022"]
[White "Rios Escobar, Adan"]
[Black "Nouri, Alekhine"]
[WhiteFideId "3403645"]
[BlackFideId "5216184"]
[WhiteElo "2341"]
[BlackElo "2151"]
[Result "1/2-1/2"]
[Round "01"]
[TimeControl "180+1"]
[Date "2022.11.09"]
[WhiteClock "0:00:05"]
[BlackClock "0:01:46"]

1. d4 Nf6 2. g3 c5 3. d5 g6 4. c4 Bg7 5. Nc3 O-O 6. Nf3 e6 7. Bg2 exd5 8. cxd5 d6 9. O-O Qe7 10. h3 a6 11. a4 Nbd7 12. Re1 Ne8 13. e4 Ne5 14. Nxe5 Bxe5 15. f4 Bd4+ 16. Kh2 Qc7 17. Be3 Bg7 18. Bf2 f5 19. e5 dxe5 20. d6 Qxd6 21. Qxd6 Nxd6 22. fxe5 Ne4 23. Nxe4 fxe4 24. Bxc5 Re8 25. Rxe4 Bf5 26. Re2 Rxe5 27. Rxe5 Bxe5 28. Bxb7 Rb8 29. Bd5+ Kg7 30. Re1 Rxb2+ 31. Bg2 Kf6 32. Be7+ Kxe7 33. Rxe5+ Kd6 34. Ra5 Rb6 35. g4 Bd7 36. Rd5+ Ke7 37. a5 Rb2 38. Re5+ Kf6 39. Rc5 Bb5 40. g5+ Ke6 41. Kg3 Kd6 42. Rd5+ Ke7 43. Rc5 Ra2 44. Rc7+ Kd6 45. Rxh7 Rxa5 46. Be4 Ra3+ 47. Kf4 Ra4 48. Ke3 Ke5 49. Bxg6 Ra3+ 50. Kd2 Kf4 51. h4 Rh3 52. Bc2 Rh2+ 53. Kc3 Rh3+ 54. Kd2 Rh2+ 55. Kc3 Ke5 56. g6 Kf6 57. g7 Rg2 58. h5 Rg3+ 59. Kd2 Be8 60. h6 Rg2+ 61. Kc3 Rxc2+ 62. Kxc2 Bg6+ 63. Kb3 Bxh7 64. Ka4 Kf7 65. Ka5 Bd3 66. Kb4 Kg8 67. Ka5 Bb5 68. Kb6 Bc4 69. Ka5 Kh7 70. Kb6 Bb5 71. Ka5 Bd3 72. Kb6 Bc4 73. Ka5 Bb5 74. Kb6 Be2 75. Ka5 Kg8 76. Kb6 Kf7 77. Ka5 Bc4 78. Kb6 Kg6 79. g8=Q+ Bxg8 80. Kxa6 Kxh6 1/2-1/2


[Site "https://www.chess.com"]

[Event "Titled Tuesday Blitz November 08 Early 2022"]
[White "Rodriguez Fontecha, Marcos"]
[Black "Lazavik, Denis"]
[WhiteFideId "2256576"]
[BlackFideId "13515110"]
[WhiteElo "2263"]
[BlackElo "2483"]
[Result "0-1"]
[Round "01"]
[TimeControl "180+1"]
[Date "2022.11.08"]
[WhiteClock "0:00:09"]
[BlackClock "0:00:49"]

1. Nf3 d5 2. d4 Nf6 3. c3 e6 4. Bf4 Bd6 5. Bg3 O-O 6. Nbd2 c5 7. e3 Qc7 8. Bd3 Nbd7 9. O-O Bxg3 10. hxg3 e5 11. dxe5 Nxe5 12. Nxe5 Qxe5 13. Qf3 Bg4 14. Qf4 Qh5 15. e4 Rfe8 16. Rfe1 Rad8 17. e5 Nd7 18. f3 Be6 19. Kf2 h6 20. Bb5 Qg6 21. Re2 a6 22. Bxd7 Rxd7 23. Nb3 b6 24. Rae1 d4 25. cxd4 Bxb3 26. axb3 Rxd4 27. Qe3 Rd3 28. Qe4 Qxe4 29. Rxe4 Rxb3 30. R1e2 h5 31. g4 hxg4 32. Rxg4 a5 33. Rc4 Rb4 34. Rcc2 g5 35. g3 Kg7 36. Rc3 Kg6 37. Rd3 Re6 38. Rd8 f6 39. Rd6 Rxd6 40. exd6 Rd4 41. Re6 Kf5 42. Re7 Rxd6 43. Ke3 Re6+ 0-1


[Site "https://www.chess.com"]

[Event "Titled Tuesday Blitz November 08 Early 2022"]
[White "Rosh Jain"]
[Black "Manelyuk, Daniil"]
[WhiteFideId "25789465"]
[BlackFideId "44173920"]
[WhiteElo "2233"]
[BlackElo "2209"]
[Result "1-0"]
[Round "01"]
[TimeControl "180+1"]
[Date "2022.11.09"]
[WhiteClock "0:00:02"]
[BlackClock "0:00:02"]

1. e4 e6 2. d4 d5 3. Nc3 Bb4 4. exd5 exd5 5. Qf3 Ne7 6. Bd3 Nd7 7. Ne2 O-O 8. Bg5 f6 9. Bh4 c6 10. O-O-O b5 11. Nf4 Bxc3 12. bxc3 Rf7 13. Rde1 Qa5 14. Kd2 b4 15. cxb4 Qxb4+ 16. c3 Qb2+ 17. Bc2 Nf5 18. Rb1 Qxa2 19. Ra1 Nxh4 20. Qh5 Qxa1 21. Qxh7+ Kf8 22. Rxa1 g5 23. Qh8+ Ke7 24. Ng6+ Nxg6 25. Bxg6 Bb7 26. Qh6 Rff8 27. Qg7+ Kd6 28. Re1 Rg8 29. Qe7+ Kc7 30. Bf5 Rad8 31. Rb1 Ba6 32. Bxd7 Rxd7 33. Qxf6 Re8 34. Re1 Rb8 35. Qxg5 Rb2+ 36. Ke3 Rd6 37. Kf3 Rd7 38. Re7 1-0


[Site "https://www.chess.com"]

[Event "Titled Tuesday Blitz November 08 Early 2022"]
[White "Rottenwohrer Suarez, Juan"]
[Black "Seo, Jung Min"]
[WhiteFideId "32068182"]
[BlackFideId "1734687"]
[WhiteElo "2195"]
[BlackElo "2455"]
[Result "0-1"]
[Round "01"]
[TimeControl "180+1"]
[Date "2022.11.09"]
[WhiteClock "0:02:10"]
[BlackClock "0:02:17"]

1. e4 c5 2. Nf3 d6 3. Nc3 Nf6 4. Bb5+ Bd7 5. a4 a6 6. Bxd7+ Nbxd7 7. O-O e6 8. Re1 Be7 9. h3 O-O 10. d3 b6 11. Bf4 Qc7 12. Qd2 Rfd8 13. Bh2 Qb7 14. Re2 b5 15. axb5 axb5 16. Rae1 b4 17. Nd1 Bf8 18. Ne3 Ra2 19. Nc4 d5 20. exd5 exd5 21. Nd6 Qa6 22. b3 Bxd6 0-1


[Site "https://www.chess.com"]

[Event "Titled Tuesday Blitz November 08 Early 2022"]
[White "Roux, Baptiste"]
[Black "Rakhmanov, Aleksandr"]
[WhiteFideId "36017450"]
[BlackFideId "4173708"]
[WhiteElo "2077"]
[BlackElo "2530"]
[Result "0-1"]
[Round "01"]
[TimeControl "180+1"]
[Date "2022.11.09"]
[WhiteClock "0:00:07"]
[BlackClock "0:00:12"]

1. e4 c5 2. Nf3 Nf6 3. Nc3 d5 4. e5 Nfd7 5. Nxd5 Nxe5 6. Bb5+ Bd7 7. Bxd7+ Qxd7 8. Nc3 Nxf3+ 9. Qxf3 Nc6 10. O-O e6 11. d3 Nd4 12. Qd1 Be7 13. Ne4 O-O 14. Be3 Rac8 15. Qh5 Nxc2 16. Rad1 Nd4 17. h3 b6 18. Rfe1 Rfd8 19. b3 Qd5 20. Qxd5 Rxd5 21. Bxd4 Rxd4 22. Kf1 Rcd8 23. Re3 f5 24. Nc3 Kf7 25. Ke2 Bg5 26. Rf3 Bf6 27. Nb5 R4d7 28. g4 g6 29. gxf5 exf5 30. Na3 Bd4 31. Nc4 Re8+ 32. Kf1 b5 33. Nd2 Kg7 34. Kg2 Re2 35. a4 a6 36. axb5 axb5 37. Rg3 Ra7 38. Nf3 Rxf2+ 39. Kh1 Raa2 40. Nxd4 cxd4 41. Rc1 Kh6 42. h4 Rab2 43. Kg1 Rfd2 44. Rf3 Rxb3 45. Rc7 Rdxd3 46. Rf1 Rg3+ 47. Kh1 Rh3+ 48. Kg2 Rbg3+ 49. Kf2 Rf3+ 50. Ke2 Rxf1 51. Kxf1 Rxh4 52. Kg2 Re4 53. Rb7 d3 54. Rxb5 Rd4 55. Rb4 Rxb4 0-1


[Site "https://www.chess.com"]

[Event "Titled Tuesday Blitz November 08 Early 2022"]
[White "Rudzinska, Michalina"]
[Black "Shuvalova, Polina"]
[WhiteFideId "1172883"]
[BlackFideId "24171760"]
[WhiteElo "2207"]
[BlackElo "2342"]
[Result "0-1"]
[Round "01"]
[TimeControl "180+1"]
[Date "2022.11.09"]
[WhiteClock "0:00:32"]
[BlackClock "0:00:13"]

1. e4 c5 2. c3 Nf6 3. e5 Nd5 4. Nf3 Nc6 5. Bc4 Nb6 6. Bb3 d5 7. exd6 Qxd6 8. O-O Bg4 9. d4 cxd4 10. cxd4 e6 11. Nc3 Be7 12. Be3 O-O 13. Ne4 Qd7 14. Ned2 Rad8 15. Bc2 Bf6 16. Bxh7+ Kxh7 17. Ng5+ Bxg5 18. Qxg4 Bxe3 19. fxe3 f5 20. Qh5+ Kg8 21. Nf3 Qf7 22. Qh4 Qg6 23. Ng5 Rfe8 24. Rf3 Qh6 25. Qg3 Nd5 26. Raf1 Nf6 27. h3 Qg6 28. h4 Qh5 29. Qc7 Re7 30. Qh2 Nb4 31. Qh3 Nbd5 32. e4 Nxe4 33. Nxe4 fxe4 34. Rg3 Rf8 35. Rxf8+ Kxf8 36. Rg6 Qxg6 0-1


[Site "https://www.chess.com"]